 Dungeon Crawl Stone Soup version 0.20-a0-537-g052e6ba (webtiles) character file.

94437 Gorice the Fencer (level 16, -15/136 HPs)
             Began as a Barachian Fighter on Jan 25, 2017.
             Was the Champion of Okawaru.
             Demolished by a white very ugly thing (39 damage)
             ... on level 2 of the Abyss on Jan 27, 2017.
             The game lasted 02:13:35 (24130 turns).

Gorice the Fencer (Barachian Fighter)              Turns: 24130, Time: 02:13:42

Health: -15/136    AC: 25    Str: 25    XL:     16   Next: 11%
Magic:  21/22      EV: 17    Int:  7    God:    Okawaru [******]
Gold:   256        SH:  0    Dex: 13    Spells: 15/15 levels left

rFire    . . .     SeeInvis .   a - +10 great sword of Proximity {vamp, rC- Str+7 Stlth+}
rCold    . . .     Gourm    +   o - +9 ring mail of Niriuf {+Blink}
rNeg     . . .     Faith    .   (shield currently unavailable)
rPois    .         Spirit   .   (helmet restricted)
rElec    .         Reflect  .   i - +1 cloak {+Inv}
rCorr    .         Harm     .   u - +2 pair of gloves {archery}
MR       +....                  V - +0 pair of boots
Stlth    +.........             n - amulet of the gourmand
Regen    0.4/turn               c - +6 ring of slaying
                                C - ring of protection from cold

@: liquid flames, glowing, slow
A: swims, beak, slowness 1, strong legs 2
a: Hop, Heroism, Finesse, Renounce Religion, Evoke Blink, Evoke Invisibility


You were on level 2 of the Abyss.
You worshipped Okawaru.
Okawaru was exalted by your worship.
You were completely stuffed.

You visited 4 branches of the dungeon, and saw 23 of its levels.
You visited the Abyss 1 time.

You collected 2125 gold pieces.
You spent 1869 gold pieces at shops.

Inventory:

Hand Weapons
 a - the +10 great sword of Proximity (weapon) {vamp, rC- Str+7 Stlth+}
   (Okawaru gifted it to you on level 5 of the Lair of Beasts)

   It inflicts no extra harm, but heals its wielder when it wounds a living foe.
   It affects your strength (+7).
   It makes you vulnerable to cold.
   It makes you more stealthy.
Missiles
 R - 39 tomahawks (quivered)
 W - 3 steel tomahawks
Armour
 i - a +1 cloak of invisibility (worn)
   (Okawaru gifted it to you on level 9 of the Dungeon)
 o - the +9 ring mail of Niriuf (worn) {+Blink}
   (You found it on level 8 of the Dungeon)

   It lets you blink.
 u - a +2 pair of gloves of archery (worn)
   (You found it on level 6 of the Lair of Beasts)
 V - a +0 pair of boots (worn)
Magical Staves
 b - an uncursed staff of energy {unknown}
Jewellery
 c - a +6 ring of slaying (right hand)
 e - an uncursed ring of positive energy
 m - an uncursed ring of protection from magic
 n - an amulet of the gourmand (around neck)
 p - an uncursed ring of poison resistance
 C - a ring of protection from cold (left hand)
 I - an uncursed ring of ice
Wands
 f - a wand of clouds (4/9)
 j - a wand of iceblast (7/15)
 l - a wand of disintegration (14/24)
 v - a wand of paralysis (6/24)
 M - a wand of enslavement (17/24)
 Y - a wand of acid (3/15)
Scrolls
 g - 6 scrolls of remove curse
 s - 3 scrolls of fog
 w - a scroll of silence {unknown}
 x - a scroll of identify
 E - 2 scrolls of blinking
 L - 5 scrolls of magic mapping {!r}
 N - 3 scrolls of teleportation {!r}
 S - 2 scrolls of fear {!r}
Potions
 d - 2 potions of might {!q}
 q - a potion of invisibility {!q}
 r - a potion of brilliance {!q}
 z - 2 potions of haste {!q}
 B - 9 potions of curing
 F - 5 potions of resistance {!q}
 J - 2 potions of agility {!q}
 P - a potion of magic {!q}
 Q - 12 potions of heal wounds {!q}
Comestibles
 h - 22 fruits
 k - 12 meat rations {!e}
 t - 4 chunks of flesh


   Skills:
 - Level 15.1 Fighting
 - Level 16.0 Long Blades
 + Level 14.5 Armour
 + Level 11.0 Dodging
   Level 3.0 Shields
 - Level 8.0 Invocations
 - Level 6.0 Evocations


You had 15 spell levels left.
You didn't know any spells.

Dungeon Overview and Level Annotations

Branches:
Dungeon (14/15)            Temple (1/1) D:7            Lair (6/6) D:11
  Swamp (0/4) Lair:2        Snake (0/4) Lair:2        Slime (0/5) Lair:5
    Orc (2/2) D:9             Elf (0/3) Orc:2        Vaults (0/5) D:14

Altars:
Ashenzari
Cheibriados
Dithmenos
Elyvilon
Fedhas
Gozag
Hepliaklqana
Kikubaaqudgha
Makhleb
Nemelex Xobeh
Okawaru
Qazlal
Ru
Sif Muna
Trog
Uskayaw
Vehumet
Xom
Yredelemnul
Zin
The Shining One
Jiyva
Lugonu

Shops:
Orc:2 [=%[

Annotations:
Lair:3 vpUX: Oklob guarding loot, exclusion: oklob plant


Innate Abilities, Weirdness & Mutations

You can swim through water.
You cover ground slowly.
You can hop longer distances.
You have a beak for a mouth.


Message History

The ball of steam hits you!
Damage: 5 (max 14)
You slice the bone dragon!!
You peck the bone dragon, but do no damage.
The bone dragon is almost destroyed.
You are engulfed in a cloud of scalding steam.
You are covered in liquid flames!
You hear a horrible gurgling sound! x4
The bone dragon completely misses you. The bone dragon barely misses you. x2
The smoke demon hits you but does no damage. x3
Damage: 1 (max 14)
You hit the bone dragon.
The bone dragon is almost destroyed.
You are engulfed in a cloud of scalding steam.
You are covered in liquid flames!
* * * LOW HITPOINT WARNING * * *
The bone dragon misses you. x2
The bone dragon tramples you but does no damage.
The smoke demon gestures at you. Something smites you!
* * * LOW HITPOINT WARNING * * *
Damage: 12 (max 14)
You slash the bone dragon!
You peck the bone dragon, but do no damage.
The bone dragon is almost destroyed.
You are engulfed in a cloud of scalding steam.
* * * LOW HITPOINT WARNING * * *
You are covered in liquid flames!
* * * LOW HITPOINT WARNING * * *
The bone dragon completely misses you. The bone dragon closely misses you.
The bone dragon misses you. The smoke demon gestures at you.
The sticky flame hits you!
You are covered in liquid flames!
Damage: 14 (max 14)
You blink.
You feel slightly less full.
An ugly thing, 3 very ugly things and a shadow imp come into view.
You are covered in liquid flames!
* * * LOW HITPOINT WARNING * * *
The shadow imp shouts, "Out, out, thou goatish tip-merry clack-dish!"
The white very ugly thing gurgles horribly! x2
A white very ugly thing comes into view.
Damage: 4 (max 14)
You are covered in liquid flames!
* * * LOW HITPOINT WARNING * * *
The white ugly thing basks in the mutagenic energy from its kin and changes!
The white very ugly thing bites you!
* * * LOW HITPOINT WARNING * * *
The white very ugly thing freezes you!!!
You die...

. ...####..## .... .
..##.# ..
........(##3# . ....
.#....####.# # .
.#....#.D. ..# .
......###..##..#
...#..uu#.....# ..
........uuu.u..#####
... #....#..@.......
. .###...#..........
# # # #..#..5.#.. .
..#...........
..##..#....... ....
#..+....... .#.
#..#....... #..
.###..#


You could see a bone dragon, 5 very ugly things, a purple ugly thing, a smoke
demon and a shadow imp.

Vanquished Creatures
  Gastronok (Lair:1)
  An orc warlord (D:9)
  Azrael (D:14)
  7 hydras
  3 vault guards (D:14)
  A merfolk avatar (Lair:6)
  8 two-headed ogres
  Erica (Lair:1)
  An ogre mage (D:10)
  2 centaur warriors
  10 death yaks (Lair:5)
  2 orc high priests
  2 sea snakes (Lair:6)
  A wizard (D:14)
  A wolf spider (D:14)
  A necromancer (D:14)
  6 orc knights
  6 ugly things
  7 orc sorcerers
  A harpy (Lair:6)
  5 manticores
  4 cyclopes
  8 elephants
  A centaur zombie (D:13)
  3 black mambas
  2 gargoyles
  A spiny frog (shapeshifter) (D:13)
  10 spiny frogs
  Joseph (Lair:1)
  2 centaur skeletons
  2 rime drakes (Lair:6)
  An efreet (D:14)
  10 komodo dragons
  5 trolls
  4 polar bears
  3 meliai (Lair:5)
  A queen bee (Lair:5)
  5 hornets
  Grinder (D:3)
  2 wind drakes
  13 blink frogs
  6 dream sheep (Lair:6)
  13 hippogriffs
  A shadow (D:7)
  6 wyverns
  4 hogs
  45 yaks
  4 fire elementals (D:14)
  18 humans
  2 wraiths
  A basilisk (Lair:2)
  A hungry ghost (D:9)
  2 vampire mosquitoes (D:12)
  3 wargs
  A soldier ant (D:12)
  3 acid dragons (D:12)
  4 nagas (Lair:2)
  21 water moccasins
  7 porcupines
  2 hell hounds (D:14)
  3 phantoms
  41 orc warriors
  2 eyes of draining
  3 black bears
  4 sky beasts
  5 ice beasts
  2 necrophages
  11 ogres
  16 wolves
  10 crocodiles
  3 centaurs
  2 big kobolds (D:8)
  14 bullfrogs
  5 scorpions
  A water moccasin skeleton (D:7)
  33 killer bees
  20 wights
  2 howler monkeys (D:13)
  4 jellies
  9 crimson imps
  2 quasits
  2 bullfrog zombies
  A gnoll shaman (D:4)
  32 orc priests
  2 bullfrog skeletons
  6 hounds
  37 orc wizards
  Jessica (D:3)
  Terence (D:2)
  Natasha (thrice) (D:2)
  7 iguanas
  7 worker ants
  A hound skeleton (D:4)
  Robin (D:2)
  A worker ant zombie (D:5)
  24 adders
  6 gnolls (D:4)
  2 shadow imps
  An adder skeleton (D:4)
  An adder zombie (D:10)
  2 worms
  5 leopard geckos
  95 orcs
  9 giant cockroaches
  31 goblins
  17 hobgoblins
  8 jackals
  10 kobolds
  6 quokkas
  2 ball pythons
  13 bats
  6 frilled lizards
  2 giant cockroach zombies (D:6)
  A leopard gecko skeleton (D:5)
  A quokka skeleton (D:8)
  A quokka zombie (D:7)
  9 rats
  A fungus (Lair:5)
838 creatures vanquished.

Vanquished Creatures (others)
  28 fungi
  21 plants
49 creatures vanquished.

Grand Total: 887 creatures vanquished

Notes
Turn   | Place    | Note
-------+----------+-------------------------------------------
     0 | D:1      | Gorice the Barachian Fighter began the quest for the Orb.
     0 | D:1      | Reached XP level 1. HP: 18/18 MP: 1/1
   163 | D:1      | Reached XP level 2. HP: 18/24 MP: 2/2
   167 | D:1      | Reached skill level 3 in Long Blades
   737 | D:1      | Reached XP level 3. HP: 29/29 MP: 3/3
   965 | D:1      | Reached skill level 4 in Long Blades
  1283 | D:2      | Reached XP level 4. HP: 35/35 MP: 4/4
  1338 | D:2      | Noticed Robin
  1451 | D:2      | Killed Robin
  1451 | D:2      | Reached skill level 5 in Long Blades
  1521 | D:2      | Found a blossoming altar of Fedhas.
  1529 | D:2      | Noticed Terence
  1537 | D:2      | Killed Terence
  1537 | D:2      | Reached XP level 5. HP: 41/41 MP: 5/5
  1763 | D:2      | Noticed Natasha
  1777 | D:2      | HP: 10/41 [white imp/puff of frost[Natasha] (3)]
  1777 | D:2      | HP: 3/41 [Natasha (7)]
  1781 | D:2      | Killed Natasha
  1781 | D:2      | Reached skill level 6 in Long Blades
  1788 | D:2      | Noticed Natasha
  1789 | D:2      | HP: 11/41 [Natasha/magic dart (5)]
  1802 | D:2      | Killed Natasha
  2057 | D:2      | Noticed Natasha
  2063 | D:2      | Killed Natasha
  2063 | D:2      | Reached XP level 6. HP: 47/47 MP: 6/6
  2384 | D:3      | Noticed a phantom
  2485 | D:3      | Noticed Grinder
  2592 | D:3      | Killed Grinder
  2592 | D:3      | Reached skill level 7 in Long Blades
  2592 | D:3      | Reached skill level 2 in Evocations
  2592 | D:3      | Reached XP level 7. HP: 50/52 MP: 6/8
  2659 | D:3      | Found a sacrificial altar of Ru.
  2769 | D:3      | Reached skill level 8 in Long Blades
  2814 | D:3      | Found a burning altar of Makhleb.
  2881 | D:3      | Found an ancient bone altar of Kikubaaqudgha.
  3121 | D:3      | Noticed Jessica
  3160 | D:3      | Killed Jessica
  3164 | D:3      | Found a deep blue altar of Sif Muna.
  3459 | D:4      | Found an opulent altar of Gozag.
  3485 | D:4      | Reached skill level 3 in Evocations
  3794 | D:4      | Reached skill level 9 in Long Blades
  3794 | D:4      | Reached XP level 8. HP: 51/58 MP: 10/10
  4049 | D:4      | Found a basalt altar of Yredelemnul.
  4587 | D:5      | Entered Level 5 of the Dungeon
  4609 | D:5      | Found a hide-covered altar of Uskayaw.
  4731 | D:5      | Found a sparkling altar of Nemelex Xobeh.
  4752 | D:5      | Reached skill level 4 in Evocations
  4757 | D:5      | Reached skill level 10 in Long Blades
  4772 | D:5      | Found a radiant altar of Vehumet.
  5275 | D:5      | Reached skill level 5 in Evocations
  5285 | D:5      | Reached XP level 9. HP: 58/64 MP: 12/12
  5352 | D:5      | Reached skill level 11 in Long Blades
  5632 | D:6      | Found a stormy altar of Qazlal.
  6098 | D:6      | Reached skill level 6 in Evocations
  6278 | D:7      | Found a staircase to the Ecumenical Temple.
  6299 | D:7      | Reached skill level 4 in Armour
  6324 | Temple   | Entered the Ecumenical Temple
  6366 | Temple   | Became a worshipper of Warmaster Okawaru
  6485 | D:7      | HP: 19/64 [wyvern (11)]
  6487 | D:7      | Reached skill level 12 in Long Blades
  6810 | D:7      | Noticed a hornet
  6820 | D:7      | HP: 17/64 [hornet (8)]
  6839 | D:6      | Killed a hornet
  6839 | D:6      | Reached skill level 5 in Armour
  7114 | D:7      | Found a shattered altar of Ashenzari.
  7435 | D:7      | Reached XP level 10. HP: 56/70 MP: 14/14
  7812 | D:7      | Reached skill level 6 in Armour
  8279 | D:8      | Found a bloodstained altar of Trog.
  8296 | D:8      | Reached * piety under Okawaru
  8590 | D:8      | Reached skill level 7 in Armour
  8775 | D:8      | Reached skill level 13 in Long Blades
  8787 | D:8      | Got a translucent ring mail
  8810 | D:8      | Identified the +9 ring mail of Niriuf {+Blink} (You found it on level 8 of the Dungeon)
  9077 | D:9      | Reached skill level 1 in Dodging
  9096 | D:9      | HP: 19/71 [something (6)]
  9466 | D:9      | Reached skill level 4 in Fighting
  9503 | D:9      | Found a staircase to the Orcish Mines.
  9598 | D:9      | Reached skill level 2 in Dodging
  9718 | D:9      | Reached ** piety under Okawaru
  9839 | D:9      | Reached skill level 3 in Dodging
  9918 | D:9      | Reached skill level 5 in Fighting
 10100 | D:9      | Found a shadowy altar of Dithmenos.
 10107 | D:10     | Entered Level 10 of the Dungeon
 10123 | D:9      | Reached XP level 11. HP: 78/80 MP: 15/15
 10144 | D:9      | Reached *** piety under Okawaru
 10144 | D:9      | Reached skill level 4 in Dodging
 10241 | D:10     | Noticed a two-headed ogre
 10243 | D:10     | Noticed an ogre mage
 10250 | D:10     | Noticed a two-headed ogre
 10254 | D:10     | Noticed a two-headed ogre
 10254 | D:10     | Killed an ogre mage
 10254 | D:10     | Reached skill level 6 in Fighting
 10260 | D:10     | Killed a two-headed ogre
 10260 | D:10     | Reached skill level 5 in Dodging
 10262 | D:10     | Killed a two-headed ogre
 10262 | D:10     | Reached **** piety under Okawaru
 10262 | D:10     | Received a gift from Okawaru
 10262 | D:10     | Reached skill level 14 in Long Blades
 10266 | D:10     | Killed a two-headed ogre
 10266 | D:10     | Reached skill level 7 in Fighting
 10271 | D:10     | Noticed a two-headed ogre
 10273 | D:10     | Noticed a two-headed ogre
 10282 | D:9      | Killed a two-headed ogre
 10529 | D:9      | Reached skill level 6 in Dodging
 10612 | D:9      | Reached ***** piety under Okawaru
 10827 | D:10     | Reached skill level 8 in Fighting
 10962 | D:10     | Killed a two-headed ogre
 10962 | D:10     | Reached XP level 12. HP: 94/94 MP: 16/16
 10993 | D:10     | Reached skill level 7 in Dodging
 11004 | D:10     | Noticed a two-headed ogre
 11011 | D:10     | Killed a two-headed ogre
 11211 | D:10     | Found a white marble altar of Elyvilon.
 11481 | D:11     | Noticed a two-headed ogre
 11490 | D:11     | Killed a two-headed ogre
 11490 | D:11     | Received a gift from Okawaru
 11494 | D:11     | Reached skill level 9 in Fighting
 11562 | D:11     | Reached skill level 15 in Long Blades
 11596 | D:11     | Found a staircase to the Lair.
 12365 | D:11     | Reached skill level 8 in Dodging
 12411 | Lair:1   | Entered Level 1 of the Lair of Beasts
 12435 | Lair:1   | Noticed Joseph
 12450 | Lair:1   | Killed Joseph
 12587 | Lair:1   | Noticed Gastronok
 12627 | Lair:1   | Killed Gastronok
 12627 | Lair:1   | Received a gift from Okawaru
 12627 | Lair:1   | Reached ****** piety under Okawaru
 12630 | Lair:1   | Got a brightly glowing plate armour {god gift}
 12669 | Lair:1   | Identified the +8 plate armour "Oraeny" {rC- rN+ Regen+ Dex+8} (Okawaru gifted it to you on level 1 of the Lair of Beasts)
 12874 | Lair:1   | Noticed Erica
 12880 | Lair:1   | Killed Erica
 12880 | Lair:1   | Reached skill level 10 in Fighting
 13330 | Lair:2   | Reached skill level 9 in Dodging
 13374 | Lair:1   | Gained mutation: You can hop longer distances. [Barachian growth]
 13374 | Lair:1   | Reached XP level 13. HP: 81/104 MP: 17/17
 13462 | Lair:2   | Found a staircase to the Swamp.
 13813 | Lair:2   | Found a staircase to the Snake Pit.
 14260 | Lair:3   | Reached skill level 16 in Long Blades
 14271 | Lair:3   | Reached skill level 11 in Fighting
 14271 | Lair:3   | Reached skill level 1 in Invocations
 14499 | Lair:3   | Reached skill level 2 in Invocations
 14528 | Lair:3   | Received a gift from Okawaru
 14529 | Lair:3   | Got a sheer robe {god gift}
 14535 | Lair:3   | Reached skill level 8 in Armour
 14888 | Lair:3   | Reached skill level 3 in Invocations
 15129 | Lair:1   | Upgraded the game from 0.20-a0-522-g0b37eee to 0.20-a0-526-g753eaab
 15672 | Lair:4   | Reached skill level 4 in Invocations
 15883 | Lair:5   | Found a staircase to the Slime Pits.
 15883 | Lair:5   | Found a viscous altar of Jiyva.
 15956 | Lair:5   | Reached skill level 9 in Armour
 16086 | Lair:5   | Reached skill level 12 in Fighting
 16383 | Lair:5   | Reached skill level 5 in Invocations
 16576 | Lair:5   | Received a gift from Okawaru
 16576 | Lair:5   | Reached XP level 14. HP: 115/115 MP: 18/18
 16785 | Lair:6   | Entered Level 6 of the Lair of Beasts
 16808 | Lair:5   | Reached skill level 6 in Invocations
 16936 | Lair:6   | Reached skill level 10 in Armour
 17187 | Lair:6   | Reached skill level 7 in Invocations
 17219 | Lair:5   | Received a gift from Okawaru
 17223 | Lair:5   | Got a bloodstained great sword {god gift}
 17262 | Lair:5   | Reached skill level 13 in Fighting
 17568 | Lair:5   | Received a gift from Okawaru
 17585 | Lair:5   | Reached skill level 11 in Armour
 17663 | Lair:6   | Reached skill level 8 in Invocations
 18050 | Lair:6   | Received a gift from Okawaru
 18135 | Lair:6   | Identified the +10 great sword of Proximity {vamp, rC- Str+7 Stlth+} (Okawaru gifted it to you on level 5 of the Lair of Beasts)
 18407 | Lair:6   | Reached skill level 14 in Fighting
 18411 | Lair:6   | Reached XP level 15. HP: 126/126 MP: 21/21
 18419 | Lair:6   | Reached skill level 12 in Armour
 18714 | Orc:1    | Entered Level 1 of the Orcish Mines
 18820 | Orc:1    | HP: 27/127 [orc warrior/glaive (17)]
 18820 | Orc:1    | HP: 7/127 [orc warrior/glaive (20)]
 18825 | Orc:1    | HP: 38/127 [orc warrior/glaive (2)]
 18833 | Orc:1    | Noticed an orc warlord
 18970 | D:9      | Killed an orc warlord
 18970 | D:9      | Received a gift from Okawaru
 19226 | Orc:2    | Entered Level 2 of the Orcish Mines
 19276 | Orc:2    | Found a staircase to the Elven Halls.
 19647 | Orc:2    | Upgraded the game from 0.20-a0-526-g753eaab to 0.20-a0-537-g052e6ba
 20457 | Orc:2    | Paralysed by an orc sorcerer for 5 turns
 20461 | Orc:2    | HP: 31/127 [orc priest/divine providence (15)]
 20471 | Orc:2    | Found Loodibae's Jewellery Shoppe.
 20471 | Orc:2    | Found Yffaxkoci's Armour Emporium.
 20471 | Orc:2    | Found Okhlocue's Food Emporium.
 20474 | Orc:2    | Found Rucaol's Antique Armour Shoppe.
 20474 | Orc:2    | HP: 30/127 [orc sorcerer/bolt of negative energy (11)]
 20531 | Orc:2    | Reached skill level 13 in Armour
 20535 | Orc:2    | HP: 25/127 [orc sorcerer/bolt of fire (25)]
 20538 | Orc:2    | Reached skill level 15 in Fighting
 20558 | Orc:1    | HP: 37/129 [orc (2)]
 21629 | D:12     | Gained mutation: You have a beak for a mouth. [potion of beneficial mutation]
 21761 | D:12     | Found a blossoming altar of Fedhas.
 22358 | Orc:2    | Bought a +6 ring of slaying for 1869 gold pieces
 23123 | D:13     | Reached skill level 10 in Dodging
 23432 | D:14     | Received a gift from Okawaru
 23473 | D:14     | Found a gate to the Vaults.
 23483 | D:14     | Reached skill level 14 in Armour
 23489 | D:14     | Received a gift from Okawaru
 23591 | D:14     | Reached XP level 16. HP: 136/136 MP: 22/22
 23646 | D:14     | Noticed Azrael
 23657 | D:14     | Killed Azrael
 23962 | D:14     | Reached skill level 11 in Dodging
 24087 | D:14     | Cast into level 2 of the Abyss (a wizard)
 24109 | Abyss:2  | Noticed a bone dragon
 24130 | Abyss:2  | HP: 39/136 [burnt (3)]
 24130 | Abyss:2  | Demolished by a white very ugly thing

Vault maps used:
D:1:      evilmike_arrival_home_sweet_home
D:2:      lemuel_doored_altar, kennysheep_doodads, solitary_fountain,
          guppyfry_early_orc_mine, uniq_robin, uniq_natasha, uniq_terence
D:3:      tgw_sif, nicolae_ru_awakened_eye, lemuel_round_altar,
          kiku_gazebo_garden_becter, uniq_grinder
D:4:      old_forge, nicolae_overflow_crystal_walls, old_standard_altar
D:5:      nemelex_xobeh_ov_fountains_minmay, old_standard_altar, basic_altar,
          first_bread
D:6:      nicolae_qazlal_style_of_elements
D:7:      ashenzari_altar_1, minmay_temple_entry_statues_fountains,
          hangedman_abyss_or_decor_stabs
D:8:      trog_eyes_of_draining
D:9:      kennysheep_mini, erik_orc_3
D:10:     grunt_livestock, elyvilon_altar_5
D:11:     lair_entry_dummy, nicolae_twisting_strands
D:12:     fedhas_altar_4
D:14:     wad_arrow_thing, grunt_vaults_entry_tiered, minmay_parallelograms,
          uniq_azrael
Temple:   corrupted_temple
Lair:1:   serial_bayou_lagoon_a, grunt_megastairs_4, uniq_gastronok, uniq_erica,
          uniq_joseph
Lair:2:   swamp_mist_pool, guppyfry_snake_entry_garden, minivault_26
Lair:3:   minmay_lair_oklob_chamber, lemuel_fruit_tree
Lair:4:   infiniplex_staircase_pool_2
Lair:5:   slime_altar_1, special_room
Lair:6:   gammafunk_lair_ancient_temple
Orc:1:    special_room
Orc:2:    st_orc_mages

Skill      XL: |  1  2  3  4  5  6  7  8  9 10 11 12 13 14 15 16 |
---------------+-------------------------------------------------+-----
Long Blades    | 3 4 5 6 7 9 10 12 13 14 15 16 | 16.0
Evocations     | 2 3 5 6 |  6.0
Armour         | 5 7 9 11 14 | 14.5
Dodging        | 3 6 9 10 11 | 11.0
Fighting       | 5 8 10 12 14 15 | 15.1
Invocations    | 5 8 |  8.0
Shields        | |  3.0

Action                   |  1- 3 |  4- 6 |  7- 9 | 10-12 | 13-15 | 16-18 || total
-------------------------+-------+-------+-------+-------+-------+-------++-------
Melee: Long sword        |    30 |       |       |       |       |       ||    30
       Dagger            |    97 |   187 |   195 |       |       |       ||   479
       Double sword      |       |       |   174 |   548 |  1247 |       ||  1969
       Great sword       |       |       |       |       |   193 |    59 ||   252
       Peck              |       |       |       |       |    38 |    18 ||    56
 Fire: Hunting sling     |    13 |    14 |    38 |       |       |       ||    65
Throw: Stone             |       |     2 |     1 |       |       |       ||     3
       Tomahawk          |       |       |       |    25 |    24 |       ||    49
Invok: Heroism           |       |       |       |     3 |    11 |       ||    14
       Finesse           |       |       |       |       |     1 |       ||     1
 Abil: Evoke Berserk Rag |       |     3 |       |     7 |     2 |       ||    12
       Hop               |       |     1 |     1 |     1 |     1 |       ||     4
       Evoke Blink       |       |       |       |     2 |       |     1 ||     3
Evoke: Wand              |       |       |       |     2 |       |       ||     2
  Use: Scroll            |     1 |     1 |    15 |     5 |    12 |       ||    34
       Potion            |       |     1 |     4 |       |     3 |       ||     8
 Stab: Held in net/web   |       |       |     3 |       |       |       ||     3
       Invisible         |       |       |     1 |       |       |       ||     1
  Eat: Chunk             |     2 |     6 |    18 |    28 |    52 |     2 ||   108
       Fruit             |       |       |       |       |     2 |       ||     2
       Bread ration      |       |       |       |       |     1 |       ||     1
       Meat ration       |       |       |       |       |     1 |       ||     1
       Royal jelly       |       |       |       |       |     1 |       ||     1
Armor: Scale mail        |    62 |    76 |   115 |       |       |       ||   253
       Chain mail        |       |       |    35 |    42 |       |       ||    77
       Ring mail         |       |       |       |   147 |    89 |    44 ||   280
       Plate armour      |       |       |       |    42 |   744 |       ||   786
Dodge: Dodged            |    23 |    39 |    93 |   178 |   554 |    67 ||   954
Block: Shield            |    53 |    83 |   150 |   217 |   600 |       ||  1103
       Rpst.: Long sword |     4 |       |       |       |       |       ||     4
       Double sword      |       |       |     7 |    46 |   107 |       ||   160
       Great sword       |       |       |       |       |    41 |    12 ||    53

Table legend:
 A = Turns spent in this place as a percentage of turns spent in the entire game.
 B = Non-inter-level travel turns spent in this place as a percentage of non-inter-level travel turns spent in the entire game.
 C = Inter-level travel turns spent in this place as a percentage of turns spent in this place.
 D = Turns resting spent in this place as a percentage of non-inter-level travel turns spent in this place.
 E = Turns spent auto-exploring this place as a percentage of non-inter-level travel turns spent in this place.
 F = Non-inter-level travel turns spent in this place divided by the number of levels of this place that you've seen.
                   A       B       C       D       E      F
               +-------+-------+-------+-------+-------+----------------------
         Total | 100.0 | 100.0 |   0.6 |   1.7 |   4.8 | 398.6
       Dungeon |  53.0 |  53.0 |   0.5 |   2.2 |   6.0 | 362.2
        Temple |   0.6 |   0.6 |   0.0 |   0.0 |   0.0 |  61.0
          Lair |  29.9 |  29.9 |   0.6 |   1.2 |   4.6 | 476.7
  Orcish Mines |  16.2 |  16.1 |   0.6 |   0.9 |   1.0 | 772.0
         Abyss |   0.3 |   0.3 |   0.0 |   3.2 |   6.5 |  31.0
               +-------+-------+-------+-------+-------+----------------------

Vault maps used:
D:1:      evilmike_arrival_home_sweet_home
D:2:      lemuel_doored_altar, kennysheep_doodads, solitary_fountain,
          guppyfry_early_orc_mine, uniq_robin, uniq_natasha, uniq_terence
D:3:      tgw_sif, nicolae_ru_awakened_eye, lemuel_round_altar,
          kiku_gazebo_garden_becter, uniq_grinder
D:4:      old_forge, nicolae_overflow_crystal_walls, old_standard_altar
D:5:      nemelex_xobeh_ov_fountains_minmay, old_standard_altar, basic_altar,
          first_bread
D:6:      nicolae_qazlal_style_of_elements
D:7:      ashenzari_altar_1, minmay_temple_entry_statues_fountains,
          hangedman_abyss_or_decor_stabs
D:8:      trog_eyes_of_draining
D:9:      kennysheep_mini, erik_orc_3
D:10:     grunt_livestock, elyvilon_altar_5
D:11:     lair_entry_dummy, nicolae_twisting_strands
D:12:     fedhas_altar_4
D:14:     wad_arrow_thing, grunt_vaults_entry_tiered, minmay_parallelograms,
          uniq_azrael
Temple:   corrupted_temple
Lair:1:   serial_bayou_lagoon_a, grunt_megastairs_4, uniq_gastronok, uniq_erica,
          uniq_joseph
Lair:2:   swamp_mist_pool, guppyfry_snake_entry_garden, minivault_26
Lair:3:   minmay_lair_oklob_chamber, lemuel_fruit_tree
Lair:4:   infiniplex_staircase_pool_2
Lair:5:   slime_altar_1, special_room
Lair:6:   gammafunk_lair_ancient_temple
Orc:1:    special_room
Orc:2:    st_orc_mages
